 Dungeon Crawl Stone Soup version 0.32-a0-791-gfc315c9ecd (webtiles) character file.

Game seed: 15117314658761189888

3076 Revguard the Shield-Bearer (level 9, -13/68 HPs)
             Began as a Demonspawn Fighter on Mar 20, 2024.
             Was a Believer of Qazlal.
             Mangled by a large slime creature (19 damage)
             ... on level 8 of the Dungeon.
             The game lasted 00:15:41 (7254 turns).

Revguard the Shield-Bearer (Demonspawn Fighter)     Turns: 7254, Time: 00:15:42

Health: -13/68     AC: 15    Str: 21    XL:     9   Next: 58%
Magic:  10/13      EV:  7    Int:  9    God:    Qazlal [**....]
Gold:   406        SH: 13    Dex: 12    Spells: 8/8 levels left

rFire   . . .        a - +0 war axe
rCold   . . .        o - +1 kite shield
rNeg    . . .        h - +0 chain mail
rPois   .            (no helmet)
rElec   .            (cloak unavailable)
rCorr   .            z - +0 pair of gloves
SInv    +            d - +0 pair of boots
Will    .....        p - amulet of the acrobat Stlth
                     k - ring of see invisible
HPRegen 0.31/turn    (no ring)
MPRegen 0.13/turn

%: acrobat
@: mighty
A: icy blue scales 2, weakness stinger 3
a: Renounce Religion, Upheaval


You were on level 8 of the Dungeon.
You worshipped Qazlal.
Qazlal was pleased with you.
You visited 2 branches of the dungeon, and saw 9 of its levels.

You collected 406 gold pieces.

Inventory:

Hand Weapons
 a - a +0 war axe (weapon)
Armour
 d - a +0 pair of boots (worn)
 h - a +0 chain mail (worn)
 o - a +1 kite shield (worn)
 z - a +0 pair of gloves (worn)
Jewellery
 e - an amulet of magic regeneration
 k - a ring of see invisible (left hand)
 p - an amulet of the acrobat (around neck)
 v - a +6 ring of intelligence
 w - a ring of ice
 D - a +6 ring of intelligence
Wands
 q - a wand of paralysis (7)
 y - a wand of polymorph (21)
 C - a wand of flame (20)
 E - a wand of digging (6)
Scrolls
 c - a scroll of blinking {unknown}
 l - a scroll of fog
 m - a scroll of vulnerability
 u - a scroll of teleportation
 x - 4 scrolls of amnesia
 A - a scroll of enchant weapon {unknown}
 B - a scroll of poison
Potions
 f - a potion of mutation
 g - 3 potions of attraction
 i - 2 potions of brilliance
 j - a potion of magic
 n - a potion of curing
 r - a potion of lignification
 t - a potion of ambrosia


   Skills:
 + Level 5.4 Fighting
 * Level 6.1 Axes
 + Level 4.8 Armour
 + Level 3.8 Dodging
 * Level 6.3 Shields
 + Level 5.6 Invocations
 + Level 4.1 Evocations


You had 8 spell levels left.
You didn't know any spells.
Your spell library contained the following spells:

 Spells                   Type           Power      Damage    Failure   Level
 Summon Small Mammal      Summ           0%         N/A       99%         1
 Blink                    Tloc           0%         N/A       100%        2
 Lesser Beckoning         Tloc           0%         N/A       100%        2
 Momentum Strike          Conj/Tloc      0%         3d8       100%        2
 Call Canine Familiar     Summ           0%         N/A       100%        3
 Fugue of the Fallen      Necr           0%         N/A       100%        3
 Ozocubu's Armour         Ice            0%         N/A       100%        3
 Manifold Assault         Tloc           0%         N/A       100%        4
 Summon Blazeheart Golem  Fire/Summ      0%         N/A       100%        4


Dungeon Overview and Level Annotations

Branches:
Dungeon (8/15)             Temple (1/1) D:4
   Lair: D:8-11

Altars:
Ashenzari
Cheibriados
Dithmenos
Fedhas
Gozag
Hepliaklqana
Kikubaaqudgha
Makhleb
Nemelex Xobeh
Okawaru
Qazlal
Ru
Sif Muna
Trog
Uskayaw
Vehumet
Wu Jian
Xom
Yredelemnul


Innate Abilities, Weirdness & Mutations

You are mostly covered in icy blue scales. (AC +3)
You have a sharp stinger which inflicts weakening toxins.


Message History

Unknown command.
You completely miss the kobold. You slash the slime creature! x2
You block the kobold's attack.
Two slime creatures merge to form a large slime creature.
The slime creature hits you! You block the kobold's attack.
The large slime creature hits you!!
* * * LOW HITPOINT WARNING * * *
Unknown command.
You hit the slime creature.
The slime creature is severely wounded.
You hit the kobold.
You kill the kobold!
Qazlal accepts your kill.
You slash the large slime creature! You block the slime creature's attack.
The large slime creature hits you!
* * * LOW HITPOINT WARNING * * *
The slime creature hits you.
* * * LOW HITPOINT WARNING * * *
You feel much better. The kobold hits you but does no damage.
You block the large slime creature's attack.
The slime creature hits you but does no damage.
You hit the slime creature.
The slime creature is almost dead.
You slash the kobold!
You kill the kobold!
Qazlal accepts your kill.
You hit the large slime creature. The large slime creature hits you!
* * * LOW HITPOINT WARNING * * *
The slime creature hits you!
* * * LOW HITPOINT WARNING * * *
Aiming: Upheaval
Press: ? - help, Dir - move target, f - large slime creature
Aim: a large slime creature (moderately wounded)
A storm cloud blasts the area with cutting wind!
The cutting wind hits the large slime creature!!
The large slime creature is moderately wounded.
The cutting wind hits the kobold brigand!
The kobold brigand is severely wounded.
The kobold brigand barely misses you. The large slime creature hits you!!
You die...

.. #.# .....# ... #.# .......
#... ##.#########.......##
#.KK ####..#.................
#.KJ##.......................
#JJ.####K............##...
#....#### #.K...........####.
...## ##KJ.........# ##. .
#@J§.......#####..
##........#.......
###.........#....
##...#####..... #.### #.....
#.# #..... ... #..... ...
##.... ... #....


You could see a large slime creature, a slime creature, a kobold brigand and 2
kobolds.

Vanquished Creatures
  Pikel (D:4)
  Grinder (D:3)
  A hornet (D:8)
  A slime creature (D:8)
  A wyvern (D:8)
  Duvessa (D:7)
  A water moccasin (D:6)
  2 sky beasts (D:7)
  A wolf (D:6)
  2 centaurs
  A phantom (D:6)
  A lemure (D:4)
  A kobold brigand (D:7)
  Blork the orc (D:6)
  3 scorpions
  Dowan (D:7)
  3 orc priests
  4 bombardier beetles
  A hound (D:5)
  A gnoll bouda (D:7)
  4 jellies
  Natasha (twice) (D:2)
  A sleepcap (D:3)
  An iguana (D:6)
  An orc wizard (D:5)
  Robin (D:4)
  7 gnolls
  4 adders
  2 shadow imps
  4 white imps
  4 ufetubi
  4 dart slugs
  6 ribbon worms
  19 orcs
  2 ball pythons
  2 bats
  7 endoplasms
  7 giant cockroaches
  13 goblins
  8 hobgoblins
  5 jackals
  14 kobolds
  5 quokkas
  2 frilled lizards
  6 rats
160 creatures vanquished.

Notes
Turn   | Place    | Note
-------+----------+-------------------------------------------
     0 | D:1      | Revguard the Demonspawn Fighter began the quest for the
                  | Orb.
     0 | D:1      | Reached XP level 1. HP: 18/18 MP: 1/1
   105 | D:1      | Gained mutation: You have a small tail. [demonic ancestry]
   105 | D:1      | Reached XP level 2. HP: 24/24 MP: 2/2
   412 | D:1      | Reached skill level 1 in Invocations
   733 | D:2      | Reached XP level 3. HP: 21/29 MP: 3/3
   951 | D:2      | Noticed Natasha
   957 | D:2      | Killed Natasha
  1005 | D:2      | Reached XP level 4. HP: 33/35 MP: 5/5
  1154 | D:2      | Noticed Natasha
  1165 | D:2      | Killed Natasha
  1166 | D:2      | Reached skill level 1 in Evocations
  1529 | D:3      | Noticed Grinder
  1545 | D:3      | Killed Grinder
  1546 | D:3      | Reached skill level 1 in Dodging
  1546 | D:3      | Gained mutation: You have a tail ending in a sharp stinger.
                  | [demonic ancestry]
  1546 | D:3      | Reached XP level 5. HP: 41/41 MP: 6/6
  1546 | D:3      | Gained mutation: You have a sharp stinger which inflicts
                  | weakening toxins. [demonic ancestry]
  1546 | D:3      | Reached XP level 6. HP: 47/47 MP: 7/7
  1777 | D:3      | Found a broken altar of Ashenzari.
  2223 | D:3      | Found a sparkling altar of Nemelex Xobeh.
  2223 | D:3      | Found a transporter.
  2553 | D:4      | Noticed Pikel
  2576 | D:4      | Killed Pikel
  2577 | D:4      | Reached XP level 7. HP: 43/54 MP: 9/9
  2615 | D:4      | Found a staircase to the Ecumenical Temple.
  2632 | Temple   | Entered the Ecumenical Temple
  2664 | Temple   | Became a worshipper of Qazlal Stormbringer
  2680 | D:4      | Noticed Robin
  2694 | D:4      | Killed Robin
  2882 | D:4      | Reached * piety under Qazlal
  3286 | D:4      | Found a burning altar of Makhleb.
  3394 | D:4      | Gained mutation: You are partially covered in icy blue
                  | scales. (AC +2) [demonic ancestry]
  3394 | D:4      | Reached XP level 8. HP: 21/60 MP: 10/10
  3772 | D:5      | Entered Level 5 of the Dungeon
  4187 | D:5      | Found a shadowy altar of Dithmenos.
  4237 | D:5      | Found a shimmering blue altar of Sif Muna.
  4394 | D:5      | Reached skill level 5 in Shields
  4874 | D:6      | Noticed Blork the orc
  4884 | D:6      | Killed Blork the orc
  4932 | D:6      | Reached skill level 5 in Axes
  5170 | D:6      | Found a bloodstained altar of Trog.
  5463 | D:6      | Found a snail-covered altar of Cheibriados.
  5828 | D:6      | Reached ** piety under Qazlal
  6157 | D:7      | Reached skill level 5 in Fighting
  6157 | D:7      | Gained mutation: You are mostly covered in icy blue scales.
                  | (AC +3) [demonic ancestry]
  6157 | D:7      | Reached XP level 9. HP: 68/68 MP: 12/12
  6193 | D:7      | Found a blossoming altar of Fedhas.
  6230 | D:7      | Reached skill level 5 in Invocations
  6244 | D:7      | Noticed Duvessa
  6245 | D:7      | Noticed Dowan
  6255 | D:7      | Killed Duvessa
  6258 | D:7      | Killed Dowan
  7254 | D:8      | Mangled by a large slime creature

Illustrated notes

Levels and vault maps discovered:
D:1:      tarquinn_simple_flora_water_a, layout_basic,
          chequers_hall_statues_wall_a
D:2:      layout_loops_cross, uniq_natasha
D:3:      layout_basic, lemuel_coloured_pillars_altar, grunt_nemelex_the_gamble,
          minivault_4, uniq_grinder
D:4:      layout_rooms, lightli_temple_of_fire, minmay_temple_entry_grid,
          grunt_ministairs_10, chequers_serial_rivers_large_a, uniq_pikel,
          uniq_robin
D:5:      layout_loops_ring, mainiacjoe_overflow_paths, lemuel_crystal_altar,
          minmay_between
D:6:      layout_basic, kennysheep_slug_shrine,
          mainiacjoe_overflow_tiny_flanked, uniq_blork_the_orc
D:7:      layout_gridville, lemuel_round_altar, tso_oasis_becter,
          minmay_fountain_box, serial_library_hellmonk_junction, uniq_duvessa
D:8:      layout_cave_pods, kennysheep_generic_room_12, uniq_prince_ribbit1
Temple:   nicolae_temple_bog_church

Skill      XL: |  1  2  3  4  5  6  7  8  9 |
---------------+----------------------------+-----
Axes           | 2 3 4 5 6 |  6.1
Invocations    | 1 2 3 4 5 |  5.6
Shields        | 3 4 5 6 |  6.3
Armour         | 3 4 |  4.8
Evocations     | 1 2 3 4 |  4.1
Dodging        | 1 2 3 |  3.8
Fighting       | 4 5 |  5.4

Action                     |  1- 3 |  4- 6 |  7- 9 || total
---------------------------+-------+-------+-------++-------
  Melee: War axe           |    72 |    91 |   327 ||   490
         Tailslap          |     5 |    10 |    58 ||    73
 Invoke: Upheaval          |       |       |     1 ||     1
  Evoke: Wand              |       |       |     4 ||     4
    Use: Scroll            |       |     5 |    13 ||    18
         Potion            |       |     1 |     5 ||     6
   Stab: Paralysed         |       |       |    12 ||    12
 Armour: Scale mail        |    41 |       |       ||    41
         Chain mail        |    22 |    67 |   236 ||   325
  Dodge: Dodged            |    25 |    38 |   124 ||   187
  Block: Buckler           |    13 |    17 |    21 ||    51
         Kite shield       |       |       |   227 ||   227

Table legend: (Time is in decaauts)
 A = Elapsed time spent in this place.
 B = Non-inter-level travel time spent in this place.
 C = Inter-level travel time spent in this place.
 D = Time resting spent in this place.
 E = Time spent auto-exploring this place.
 F = Levels seen in this place.
 G = Mean time per level.
                   A        B        C        D        E       F      G
               +--------+--------+--------+--------+--------+-----+--------+
         Total |   7466 |   7241 |    225 |    264 |   5455 |   9 |  829.6 |
       Dungeon |   7423 |   7208 |    215 |    264 |   5455 |   8 |  927.9 |
        Temple |     43 |     33 |     10 |      0 |      0 |   1 |   43.0 |
               +--------+--------+--------+--------+--------+-----+--------+

Top non-repeatable levels by time:
     D:6: 1400 daAuts
     D:4: 1225 daAuts
     D:3: 1045 daAuts
     D:5: 1030 daAuts
     D:2: 883 daAuts
     D:7: 859 daAuts
     D:1: 691 daAuts
     D:8: 286 daAuts
  Temple: 43 daAuts
